Map: Rainfall LE

Players

IIIIIIIIIII

  • Race: Terran Terran
  • League: Diamond

терплю - Winner!

  • Race: Zerg Zerg
  • League: Diamond

VOD

Have the link to the VOD?

Description

Time

  • Played on: Sept. 12, 2026, 8:11 a.m.
  • Length: 26:35
Show
View Real Time Build Order
Export as new Build Order

IIIIIIIIIII Terran 

Build Orders: Hellion Banshee, Mech 

Get SALT Encoding   

  8  0:00  SCV  
  9  0:12  SCV  
  10  0:24  SCV  
  10  0:28  Supply Depot  
  11  0:36  SCV  
  12  0:48  SCV  
  13  0:54  Barracks  
  13  1:01  SCV  
  14  1:09  Refinery  
  14  1:13  SCV  
  15  1:25  SCV  
  16  1:41  Orbital Command  
  16  1:52  Command Center  
  16  1:58  Supply Depot  
  16  2:02  Marine  
  16  2:07  SCV  
  18  2:19  SCV  
  18  2:20  Marine  
  20  2:31  SCV  
  20  2:37  Factory  
  21  2:43  SCV  
  22  2:53  Command Center  
  22  2:57  SCV, Barracks Reactor  
  23  3:01  Refinery  
  23  3:09  SCV  
  24  3:21  SCV  
  24  3:24  Orbital Command  
  25  3:33  SCV  
  26  3:34  Starport  
  26  3:38  Hellion  
  28  3:42  Hellion  
  28  3:45  SCV  
  31  3:50  SCV  
  31  3:53  Barracks Tech Lab  
  32  3:57  SCV  
  34  4:02  SCV  
  34  4:04  Hellion x2  
  34  4:09  Orbital Command  
  38  4:17  SCV  
  38  4:19  SCV  
  38  4:21  Banshee, Cloaking Field  
  43  4:27  Hellion  
  43  4:30  Hellion  
  47  4:32  SCV  
  47  4:33  SCV  
  47  4:38  SCV  
  50  4:40  Refinery  
  50  4:44  SCV  
  51  4:49  Supply Depot  
  51  4:59  SCV x2  
  53  5:01  Refinery  
  53  5:03  Hellion  
  53  5:04  Factory  
  55  5:10  SCV  
  55  5:11  Hellion, SCV  
  55  5:12  SCV  
  60  5:14  Bunker  
  60  5:19  Banshee  
  63  5:35  Supply Depot  
  63  5:36  Supply Depot  
  63  5:37  Supply Depot  
  63  5:44  Command Center  
  63  5:56  SCV x3  
  66  6:08  SCV x3  
  66  6:09  Command Center  
  69  6:12  Factory Tech Lab  
  69  6:13  Factory  
  69  6:18  Armory, Engineering Bay  
  69  6:19  Armory  
  69  6:20  Banshee  
  69  6:25  SCV x2  
  74  6:29  Supply Depot  
  74  6:32  SCV  
  75  6:37  Siege Tank, SCV  
  79  6:46  Factory  
  79  6:51  SCV x2  
  81  7:01  Factory Tech Lab  
  81  7:02  Widow Mine x2  
  81  7:03  Infernal Pre-Igniter  
  81  7:04  SCV  
  81  7:05  SCV x2  
  88  7:09  Terran Vehicle Weapons Level 1  
  88  7:10  Terran Vehicle And Ship Armor Level 1  
  88  7:17  Neosteel Armor  
  88  7:24  Orbital Command  
  88  7:29  Planetary Fortress  
  88  7:42  Refinery  
  88  7:43  Siege Tank  
  88  7:44  Refinery  
  91  7:51  Siege Tank  
  94  8:00  Hellion x2, Banshee  
  94  8:03  Factory Tech Lab  
  101  8:13  Orbital Command  
  101  8:18  Command Center  
  101  8:23  Siege Tank  
  101  8:24  Missile Turret, Hellion x2  
  101  8:25  Missile Turret  
  101  8:26  Thor, Missile Turret  
  114  8:48  Supply Depot  
  114  8:49  Hellion x2, Supply Depot  
  114  8:50  Supply Depot  
  118  9:09  Thor  
  122  9:18  Siege Tank x2, Hellion  
  112  9:34  Banshee, Terran Vehicle Weapons Level 2  
  112  9:35  Terran Vehicle And Ship Armor Level 2  
  112  9:37  Planetary Fortress  
  115  9:46  Refinery  
  115  9:48  Missile Turret  
  115  9:50  Command Center, Missile Turret x2, Refinery  
  115  9:53  Missile Turret x2  
  115  9:56  Siege Tank  
  115  9:57  Hellion x2  
  122  10:04  Supply Depot, Siege Tank  
  125  10:13  SCV  
  125  10:14  SCV x2  
  128  10:17  Missile Turret  
  128  10:23  Siege Tank  
  128  10:24  Hellion  
  128  10:26  Banshee  
  136  10:28  Siege Tank  
  115  11:04  Siege Tank x2, Hellion x2  
  118  11:05  Siege Tank  
  125  11:14  Banshee  
  128  11:20  Command Center x2  
  128  11:24  Planetary Fortress  
  128  11:26  Hellion  
  128  11:31  Command Center  
  130  11:36  Siege Tank x2  
  130  11:37  Siege Tank  
  133  11:56  Hellion  
  135  12:08  Siege Tank x2  
  90  12:30  Siege Tank  
  93  12:39  Orbital Command  
  93  12:40  Siege Tank, Terran Vehicle And Ship Armor Level 3, Terran Vehicle Weapons Level 3  
  93  12:41  Starport  
  96  12:44  Starport  
  96  12:50  Siege Tank  
  101  12:51  Liberator  
  106  13:05  Hellion  
  106  13:06  Widow Mine  
  106  13:12  Siege Tank  
  109  13:21  Fusion Core  
  109  13:22  Liberator  
  109  13:23  Liberator  
  117  13:27  Widow Mine  
  117  13:32  Refinery  
  117  13:34  Refinery  
  117  13:43  Missile Turret  
  117  13:46  Siege Tank x3, Missile Turret  
  126  13:49  Liberator, Missile Turret  
  126  13:53  Starport  
  127  14:09  Hellion  
  107  14:18  Siege Tank x2  
  113  14:28  SCV x2  
  115  14:31  Banshee  
  115  14:34  Viking  
  115  14:35  Viking, Liberator  
  115  14:37  Missile Turret  
  125  14:38  Missile Turret  
  125  14:40  Missile Turret  
  125  14:57  Planetary Fortress  
  125  15:03  Missile Turret x2  
  125  15:04  Siege Tank x3, Missile Turret  
  125  15:06  Viking  
  136  15:14  Viking  
  136  15:18  Viking  
  140  15:22  Advanced Ballistics  
  140  15:24  Hi-Sec Auto Tracking  
  122  15:46  Siege Tank x2  
  122  15:47  Hellion x2, Banshee  
  135  16:25  Viking  
  137  16:26  Terran Ship Weapons Level 1  
  137  16:27  Thor  
  137  16:28  Thor  
  137  16:30  Widow Mine x2, Banshee  
  156  16:36  Command Center  
  156  16:41  Planetary Fortress  
  156  16:49  Missile Turret  
  156  16:50  Missile Turret  
  156  16:52  Missile Turret  
  156  16:55  Missile Turret  
  156  16:57  Liberator x2, Refinery  
  162  17:13  Banshee  
  162  17:15  Thor x2  
  171  17:16  Hellion  
  171  17:17  Hellion  
  181  17:28  Command Center  
  158  18:08  Siege Tank x3  
  153  18:38  Hellion, Viking x2  
  153  18:40  Siege Tank x3  
  166  18:55  Hellion, Viking  
  167  18:59  Hellion  
  169  19:12  Siege Tank x3  
  120  19:41  Hellion x2, Viking  
  120  19:44  Siege Tank x2  
  85  20:02  SCV  
  85  20:03  SCV  
  85  20:06  Widow Mine, Orbital Command  
  89  20:08  Widow Mine x2  
  93  20:23  Starport Tech Lab  
  93  20:35  Sensor Tower  
  93  20:36  Viking  
  93  20:38  Thor  
  93  20:40  Widow Mine  
  93  20:41  Widow Mine, Drilling Claws  
  105  20:49  Refinery  
  105  20:56  Hellion x2  
  109  20:57  Terran Ship Weapons Level 2  
  109  21:02  Hellion x2  
  113  21:08  Missile Turret x2  
  113  21:10  Missile Turret x2  
  113  21:26  Hellion  
  113  21:28  Hellion x2  
  113  21:29  Hellion x2  
  123  21:54  Siege Tank x3  
  132  22:23  Hellion x2  
  132  22:26  Siege Tank x3  
  145  22:45  Hellion x2  
  149  22:58  Siege Tank x2  
  155  23:01  Siege Tank  
  158  23:06  Widow Mine x2  
  162  23:24  Hellion x8  
  162  23:25  Hellion x6  
  87  24:11  Viking x3  
  87  24:12  Viking  
  77  24:41  Viking x2  
  68  24:52  Hellion x3  
  49  24:53  Hellion  
  49  24:59  Widow Mine  
  46  25:14  Widow Mine x2  
  51  25:16  Widow Mine  
  30  25:46  Widow Mine  
Show
View Real Time Build Order
Export as new Build Order

терплю Zerg - Winner!

Build Orders: Hatch First, Lurkers 

Get SALT Encoding   

  8  0:00  Drone  
  9  0:12  Drone  
  10  0:16  Drone  
  11  0:27  Overlord  
  11  0:32  Drone  
  12  0:45  Drone  
  12  0:46  Drone  
  14  0:52  Drone  
  15  1:11  Hatchery  
  15  1:14  Drone  
  16  1:18  Drone  
  16  1:22  Drone  
  17  1:35  Drone  
  18  1:40  Spawning Pool  
  18  1:42  Drone  
  18  1:49  Extractor  
  18  1:51  Drone  
  19  2:01  Drone  
  19  2:12  Overlord  
  19  2:27  Queen  
  19  2:28  Queen  
  19  2:29  Zergling x2  
  24  2:30  Zergling x2  
  24  2:35  Drone x2  
  27  2:48  Drone  
  27  2:49  Drone  
  29  2:53  Metabolic Boost  
  29  2:55  Drone x2  
  31  3:12  Hatchery  
  30  3:15  Overlord  
  30  3:19  Drone x2  
  32  3:22  Overlord  
  32  3:33  Overlord  
  32  3:36  Queen  
  32  3:40  Drone  
  32  3:41  Drone x3  
  38  3:44  Overlord  
  38  3:50  Drone x3  
  41  3:56  Overlord  
  41  4:04  Queen  
  43  4:12  Queen  
  45  4:18  Drone x2  
  45  4:20  Drone x4  
  51  4:31  Drone x5  
  56  4:47  Overlord  
  56  4:48  Queen  
  58  4:53  Drone x6  
  58  4:54  Queen  
  58  4:58  Overlord  
  66  5:05  Zergling x4  
  66  5:06  Zergling x4  
  70  5:08  Overlord  
  70  5:14  Overlord  
  70  5:17  Overlord  
  70  5:20  Lair  
  70  5:22  Drone  
  70  5:23  Zergling x10  
  70  5:26  Queen  
  78  5:29  Queen  
  78  5:34  Overlord  
  80  5:39  Drone x6, Baneling Nest  
  85  5:45  Spore Crawler  
  85  5:47  Spore Crawler  
  85  5:48  Spore Crawler  
  81  5:56  Drone  
  81  5:57  Drone x9  
  90  6:02  Overlord x2  
  91  6:06  Extractor x2  
  91  6:09  Queen  
  91  6:19  Extractor  
  91  6:24  Overlord x2  
  90  6:32  Hatchery  
  89  6:33  Overseer  
  89  6:35  Hatchery  
  89  6:39  Drone x3  
  91  6:40  Drone x3  
  91  6:42  Extractor  
  91  6:44  Overlord x2  
  91  6:45  Overlord  
  93  7:05  Zergling x2  
  93  7:06  Zergling x16  
  93  7:08  Centrifugal Hooks  
  102  7:13  Evolution Chamber  
  102  7:14  Evolution Chamber  
  100  7:19  Overlord  
  100  7:27  Baneling x7  
  100  7:28  Baneling x13  
  100  7:40  Drone x16  
  100  7:43  Zerg Missile Weapons Level 1, Zerg Melee Weapons Level 1  
  116  7:51  Extractor, Drone  
  115  7:52  Drone x2  
  115  7:55  Infestation Pit  
  117  8:04  Spore Crawler  
  116  8:15  Drone x3, Extractor  
  116  8:16  Drone x3, Extractor  
  116  8:17  Drone x2  
  116  8:18  Drone  
  116  8:19  Spore Crawler  
  122  8:31  Hive  
  122  8:33  Drone x2  
  122  8:34  Pneumatized Carapace  
  124  8:40  Drone x11  
  135  8:47  Spine Crawler  
  135  8:48  Spine Crawler  
  133  8:51  Spine Crawler  
  133  8:53  Spine Crawler  
  133  8:54  Zergling x32  
  147  9:00  Extractor x2  
  143  9:08  Spore Crawler  
  135  9:17  Hydralisk Den  
  117  9:27  Drone  
  117  9:28  Drone x16  
  122  9:42  Adrenal Glands  
  122  9:44  Zerg Melee Weapons Level 2  
  122  9:47  Zerg Missile Weapons Level 2  
  122  9:49  Grooved Spines  
  122  9:53  Lurker Den  
  122  9:54  Infestor  
  122  9:55  Infestor x3  
  122  9:57  Zergling x20  
  122  9:58  Zergling x8  
  143  10:10  Viper x3  
  143  10:12  Hydralisk x9  
  143  10:13  Hydralisk  
  172  10:23  Overlord  
  172  10:24  Overlord x4  
  172  10:36  Hatchery  
  172  10:39  Muscular Augments  
  172  10:40  Zergling x22  
  172  10:41  Zergling x4  
  158  11:10  Seismic Spines  
  158  11:15  Drone x4  
  158  11:16  Spine Crawler  
  158  11:17  Spine Crawler  
  160  11:30  Hydralisk x5  
  160  11:31  Hydralisk x6  
  182  11:33  Baneling x3  
  182  11:34  Baneling x6  
  182  11:36  Hydralisk x4  
  182  11:37  Hydralisk x5  
  195  11:55  Zergling x8  
  199  12:07  Adaptive Talons  
  174  12:28  Evolution Chamber  
  173  12:30  Evolution Chamber  
  173  12:31  Evolution Chamber  
  171  12:44  Drone x3  
  171  12:47  Unknown  
  174  12:53  Lurker x20  
  174  12:54  Lurker x2, Zergling x2  
  174  12:55  Zergling x6  
  174  12:57  Hatchery, Extractor  
  198  13:00  Extractor, Overseer  
  198  13:05  Spore Crawler  
  196  13:07  Extractor x2  
  196  13:08  Zerg Missile Weapons Level 3, Zerg Melee Weapons Level 3  
  194  13:16  Drone x3  
  194  13:17  Drone x3  
  200  13:21  Spine Crawler x3  
  200  13:22  Spine Crawler  
  196  13:34  Zergling x8  
  197  13:38  Burrow  
  197  13:41  Neural Parasite, Spire  
  200  13:42  Spire  
  177  14:11  Hydralisk x10  
  186  14:26  Overseer  
  186  14:27  Overseer x5  
  186  14:50  Greater Spire, Zerg Flyer Weapons Level 1  
  186  15:00  Zergling x2  
  186  15:01  Zergling x24  
  199  15:10  Ultralisk Cavern  
  154  15:49  Overlord  
  142  15:50  Overlord x11  
  142  15:51  Hydralisk  
  142  15:52  Hydralisk x15  
  171  15:59  Chitinous Plating  
  171  16:05  Zerg Flyer Armor Level 1  
  171  16:08  Zerg Ground Armor Level 1  
  171  16:09  Overseer x2  
  171  16:11  Spore Crawler  
  171  16:12  Viper x4, Spore Crawler  
  181  16:36  Swarm Host, Zergling x4  
  181  16:37  Zergling x22  
  197  16:56  Zerg Flyer Weapons Level 2  
  194  17:17  Anabolic Synthesis  
  194  17:23  Overseer x3  
  194  17:24  Overseer  
  194  17:35  Corruptor x2  
  194  17:36  Corruptor  
  152  18:33  Corruptor x5  
  152  18:34  Corruptor x3  
  154  18:40  Ultralisk  
  154  18:41  Ultralisk x6  
  196  19:05  Zerg Flyer Armor Level 2  
  196  19:06  Extractor  
  196  19:07  Hatchery, Zerg Ground Armor Level 2  
  194  19:11  Extractor  
  163  19:43  Ultralisk x3  
  157  19:46  Zergling x2  
  157  19:47  Zergling x56  
  176  20:02  Extractor  
  176  20:03  Zerg Flyer Weapons Level 3  
  175  20:43  Spore Crawler  
  175  20:44  Spore Crawler  
  175  20:45  Spine Crawler  
  175  20:48  Spore Crawler  
  171  20:50  Spine Crawler  
  170  20:58  Ultralisk  
  170  20:59  Ultralisk x4  
  200  21:29  Zerg Flyer Armor Level 3  
  200  21:31  Zerg Ground Armor Level 3  
  200  21:52  Hatchery, Overseer, Spine Crawler  
  200  21:53  Spore Crawler  
  197  21:54  Spine Crawler, Spore Crawler  
  197  21:56  Spine Crawler x2  
  193  22:11  Spine Crawler  
  193  22:12  Spine Crawler x2  
  190  22:30  Infestor x3  
  173  22:56  Brood Lord x10  
  173  22:57  Corruptor  
  173  22:58  Corruptor x4  
  197  23:04  Extractor  
  198  23:05  Extractor  
  197  23:27  Overseer x6  
  195  23:33  Corruptor x2  
  195  23:34  Corruptor x2  
  177  24:10  Ultralisk x4  
  195  24:27  Hatchery  
  188  24:54  Corruptor x3  
Tags
 
Add a new tag
Caveats
  • Supply blocks, unpowered buildings, or Contaminate may cause inaccurate times.
  • Supply counts are checked every 10 seconds.